 Dungeon Crawl Stone Soup version 0.27-a0-249-g74f53ef629 (webtiles) character file.

Game seed: 14261813012019656694

5955 trckry the Quickloader (level 10, -4/64 HPs)
             Began as a Tengu Hunter on Feb 3, 2021.
             Was a Priest of Okawaru.
             Killed themself with a badly aimed iceblast (24 damage)
             ... on level 9 of the Dungeon.
             The game lasted 00:43:14 (18023 turns).

trckry the Quickloader (Tengu Hunter)              Turns: 18023, Time: 00:43:15

Health: -4/64      AC:  7    Str: 16    XL:     10   Next: 84%
Magic:  11/16      EV: 18    Int: 12    God:    Okawaru [***...]
Gold:   142        SH:  5    Dex: 20    Spells: 9/9 levels left

rFire    + . .     SeeInvis .   b - +0 quarterstaff
rCold    x . .     Faith    .   (shield currently unavailable)
rNeg     . . .     Spirit   .   H - +3 leather armour {rPois}
rPois    +         Reflect  +   (helmet restricted)
rElec    .         Harm     .   L - +0 cloak
rCorr    .         Rampage  .   (no gloves)
Will     .....                  (boots unavailable)
Stlth    ++........             J - amulet of reflection
HPRegen  0.20/turn              g - ring of fire
MPRegen  0.15/turn              c - +6 ring of dexterity

@: flying quickly and evasively, slowed, very slow
A: beak, horns 1, talons 3, robust 1, screaming 1, able to fly
a: Stop Flying, Renounce Religion, Heroism


You were on level 9 of the Dungeon.
You worshipped Okawaru.
Okawaru was most pleased with you.
You visited 2 branches of the dungeon, and saw 11 of its levels.

You collected 473 gold pieces.
You spent 331 gold pieces at shops.

Inventory:

Hand Weapons
 a - a +2 hand crossbow
 b - a +0 quarterstaff (weapon)
Missiles
 d - 19 bolts
 j - 50 poisoned darts (quivered)
 F - 3 throwing nets
Armour
 H - a +3 leather armour of poison resistance (worn)
 L - a +0 cloak (worn)
Jewellery
 c - a +6 ring of dexterity (right hand)
 g - a ring of fire (left hand)
 s - an uncursed ring of protection from cold
 J - an amulet of reflection (around neck)
Wands
 k - a wand of polymorph (6)
 y - a wand of acid (19)
 C - a wand of random effects (23)
 I - a wand of flame (28)
Scrolls
 e - 8 scrolls of identify
 h - 5 scrolls of remove curse
 l - 3 scrolls of enchant weapon
 t - 10 scrolls of teleportation
 v - 3 scrolls of fog
Potions
 f - 3 potions of curing
 i - 3 potions of heal wounds
 q - 3 potions of mutation
 r - 3 potions of lignification
 u - a potion of invisibility
 A - a potion of cancellation
 D - 2 potions of haste


   Skills:
 - Level 5.0 Fighting
 * Level 2.9 Staves
 - Level 10.0 Crossbows
 - Level 5.0 Armour
 - Level 5.0 Dodging
 - Level 1.0 Stealth
 + Level 7.1 Invocations
 + Level 7.4 Evocations


You had 9 spell levels left.
You didn't know any spells.
Your spell library contained the following spells:

 Spells                   Type           Power        Failure   Level
 Corona                   Hex            0%           36%         1
 Slow                     Hex            0%           52%         2
 Inner Flame              Hex/Fire       0%           75%         3
 Portal Projectile        Hex/Tloc       0%           75%         3
 Cause Fear               Hex            0%           98%         4
 Leda's Liquefaction      Hex/Erth       0%           98%         4


Dungeon Overview and Level Annotations

Branches:
Dungeon (10/15)            Temple (1/1) D:7             Orc (0/2) D:9
   Lair: D:8-11

Altars:
Ashenzari
Cheibriados
Dithmenos
Elyvilon
Fedhas
Gozag
Hepliaklqana
Kikubaaqudgha
Makhleb
Nemelex Xobeh
Okawaru
Qazlal
Ru
Sif Muna
Trog
Uskayaw
Vehumet
Wu Jian
Xom
Yredelemnul
Zin
The Shining One
Beogh

Shops:
D:4 }   D:5 !   D:9 !(*[[


Innate Abilities, Weirdness & Mutations

You have a beak for a mouth.
You have claws for feet.
You can fly continuously.
You have a pair of small horns on your head.
You are robust. (+10% HP)
You occasionally shout uncontrollably at your foes.


Message History

You hit the wraith. Your kick misses the wraith.
The wraith is severely damaged.
The wraith hits you.
* * * LOW HITPOINT WARNING * * *
The wraith drains your vigour!
You feel as though you will be slow longer.
You take 4 damage, and have 17/64 hp.
The wraith closely misses you. You block the wraith's attack.
You block the wraith's attack. The wraith closely misses you.
The wraith completely misses you.
Aiming: Random Effects
Press: ? - help, Shift-Dir - straight line, f - wraith
Aim: a wraith (severely damaged)
The mass of ice explodes!
The iceblast engulfs the wraith!
The wraith partially resists.
The wraith is almost destroyed.
The iceblast engulfs you!!
You feel a painful chill!
You die...

...............##
......#.........##
.....###.........##
......#...........##
...................##
≈...................##
≈≈...................##
≈.....................##
................@......##
................W.......##
.........................##
.........§....#...........##
........§....###...........##
.###...≈≈§....#.###.........#
.# #....≈......##_##........#
.###..........###..##.......#
.)............#...#.#.......#


You could see a wraith.

Vanquished Creatures
  Pikel (D:7)
  A troll (D:10)
  Grinder (D:6)
  Sigmund (D:3)
  3 yaks
  A steam dragon (D:9)
  Eustachio (D:6)
  A water moccasin (D:9)
  2 orc warriors
  A sky beast (D:8)
  An eye of draining (D:10)
  A necrophage (D:7)
  8 ogres
  A centaur (D:7)
  A phantom (D:9)
  A gnoll sergeant (D:5)
  5 bullfrogs
  A scorpion (D:9)
  A water moccasin skeleton (D:7)
  4 killer bees (D:8)
  7 wights
  4 howler monkeys
  2 bullfrog zombies
  A centaur zombie (D:7)
  4 bullfrog skeletons
  4 hounds
  2 jellies
  2 centaur skeletons
  4 orc priests
  3 gnoll shamans (D:5)
  2 iguanas (D:8)
  5 orc wizards
  6 worker ants
  2 hound zombies
  3 hound skeletons
  A howler monkey zombie (D:7)
  Robin (D:3)
  43 gnolls
  7 adders
  A shadow imp (D:8)
  3 white imps
  2 oozes
  2 adder skeletons (D:8)
  A worm (D:4)
  A dart slug (D:2)
  5 leopard geckos
  46 orcs
  5 bats
  4 giant cockroaches
  16 goblins
  9 hobgoblins
  22 jackals
  2 quokkas
  4 ball pythons
  4 frilled lizards
  4 kobolds
  3 quokka skeletons
  9 rats
283 creatures vanquished.

Vanquished Creatures (others)
  10 plants
10 creatures vanquished.

Grand Total: 293 creatures vanquished

Notes
Turn   | Place    | Note
-------+----------+-------------------------------------------
     0 | D:1      | trckry the Tengu Hunter began the quest for the Orb.
     0 | D:1      | Reached XP level 1. HP: 12/12 MP: 2/2
   391 | D:1      | Reached XP level 2. HP: 17/17 MP: 3/3
   514 | D:1      | Reached skill level 5 in Crossbows
   958 | D:1      | Reached XP level 3. HP: 21/21 MP: 4/4
  2361 | D:2      | Reached skill level 6 in Crossbows
  2399 | D:2      | Reached XP level 4. HP: 26/26 MP: 5/5
  2428 | D:2      | Found a glowing golden altar of the Shining One.
  2684 | D:3      | Found a sparkling altar of Nemelex Xobeh.
  2760 | D:3      | Noticed Sigmund
  3081 | D:3      | Identified the cursed +0 helmet of Gubymudd {-Tele Int+4
                  | Dex+6 Slay+5}
  3081 | D:3      | Noticed Robin
  3296 | D:3      | Killed Robin
  3695 | D:3      | Killed Sigmund
  3696 | D:3      | Reached skill level 8 in Crossbows
  3696 | D:3      | Gained mutation: You can fly continuously. [Tengu growth]
  3696 | D:3      | Reached XP level 5. HP: 12/30 MP: 6/6
  3696 | D:3      | Reached XP level 6. HP: 14/35 MP: 7/7
  4177 | D:4      | Found a shimmering altar of Xom.
  4232 | D:4      | Found Ucheub's Gadget Boutique.
  4255 | D:4      | Reached skill level 1 in Evocations
  4325 | D:4      | Reached XP level 7. HP: 40/40 MP: 8/8
  4539 | D:4      | Reached skill level 9 in Crossbows
  4769 | D:5      | Entered Level 5 of the Dungeon
  5476 | D:5      | Found Ral Uscheniuq's Distillery.
  5651 | D:5      | Reached XP level 8. HP: 44/44 MP: 9/9
  5887 | D:4      | HP: 4/44 [ogre/cursed +0 giant club (13)]
  6243 | D:4      | HP: 4/44 [ogre/cursed +0 giant club (16)]
  6665 | D:5      | Bought a potion of curing for 39 gold pieces
  7102 | D:5      | Reached skill level 5 in Evocations
  7116 | D:5      | Reached skill level 10 in Crossbows
  7198 | D:5      | Reached skill level 1 in Armour
  9169 | D:5      | Reached XP level 9. HP: 47/51 MP: 10/10
  9750 | D:6      | Got a translucent silver amulet
  9756 | D:6      | Identified the amulet "Oxtuph" {Inacc *Corrode Fragile rF++
                  | Int+8} (You found it on level 6 of the Dungeon)
  9857 | D:6      | Noticed Eustachio
 10288 | D:6      | Noticed Grinder
 10293 | D:6      | Killed Grinder
 10468 | D:7      | Reached skill level 5 in Dodging
 10721 | D:7      | Found a staircase to the Ecumenical Temple.
 10732 | Temple   | Entered the Ecumenical Temple
 10747 | Temple   | Became a worshipper of Warmaster Okawaru
 11145 | D:7      | HP: 5/53 [orc warrior/+0 war axe (21)]
 11675 | D:6      | Killed Eustachio
 11676 | D:6      | Reached skill level 5 in Fighting
 11676 | D:6      | Reached skill level 5 in Armour
 11779 | D:7      | Reached skill level 1 in Invocations
 12141 | D:7      | Reached * piety under Okawaru
 13270 | D:8      | HP: 6/54 [something (5)]
 14273 | D:8      | Reached skill level 5 in Invocations
 14417 | D:8      | Reached XP level 10. HP: 52/59 MP: 14/14
 14917 | D:8      | Noticed Pikel
 14965 | D:7      | Killed Pikel
 14965 | D:7      | Reached ** piety under Okawaru
 15410 | D:8      | Found a hazy altar of Hepliaklqana.
 15560 | D:9      | Found Myzilusett's Weapon Emporium.
 15789 | D:9      | Found a staircase to the Orcish Mines.
 15816 | D:8      | HP: 8/59 [killer bee (2)]
 15832 | D:8      | HP: 1/59 [killer bee (9)]
 16150 | D:8      | Gained mutation: Scrolls take you a little longer to read.
                  | [potion of mutation]
 16150 | D:8      | Gained mutation: Your flesh is heat resistant. (rF+)
                  | [potion of mutation]
 16151 | D:8      | Lost mutation: Scrolls take you a little longer to read.
                  | [potion of mutation]
 16151 | D:8      | Lost mutation: Your flesh is heat resistant. (rF+) [potion
                  | of mutation]
 16151 | D:8      | Gained mutation: You are robust. (+10% HP) [potion of
                  | mutation]
 16151 | D:8      | Gained mutation: You occasionally shout uncontrollably at
                  | your foes. [potion of mutation]
 16151 | D:8      | Gained mutation: You have a pair of small horns on your
                  | head. [potion of mutation]
 17022 | D:9      | Found Litaowo's Distillery.
 17031 | D:9      | Bought 2 potions of curing for 90 gold pieces
 17031 | D:9      | Bought a potion of heal wounds for 75 gold pieces
 17031 | D:9      | Bought a potion of heal wounds for 75 gold pieces
 17275 | D:9      | Bought a +0 quarterstaff for 52 gold pieces
 17283 | D:9      | Found Tanihik's Assorted Antiques.
 17373 | D:9      | Reached skill level 1 in Staves
 17389 | D:9      | Reached *** piety under Okawaru
 17565 | D:9      | Found a roughly hewn altar of Beogh.
 17623 | D:9      | Found Ycwa's Armour Shoppe.
 17634 | D:9      | Found Fedo's Antique Armour Boutique.
 17662 | D:9      | Found a sacrificial altar of Ru.
 17765 | D:10     | Entered Level 10 of the Dungeon
 18023 | D:9      | Killed themself with a badly aimed iceblast

Illustrated notes

Levels and vault maps discovered:
D:1:      nagdon_arrival_zigzag_paths, layout_basic, hangedman_decor_points
D:2:      layout_basic, nicolae_tso_swordbearing_angel, minmay_worlds_worst_comb
D:3:      layout_loops_ring, nemelex_dance_club_becter, uniq_robin, uniq_sigmund
D:4:      layout_rooms, nicolae_overflow_crystal_walls, serial_shops, shop
D:5:      lemuel_castle_with_subvaults [lemuel_castle_interior_original],
          layout_cave_pools, serial_shops, shop
D:6:      layout_basic, uniq_grinder, uniq_eustachio
D:7:      layout_cave_pods, temple_statues, serial_co_window_serial,
          co_window_paths_a, co_window_corner_a, co_window_paths_a,
          co_window_corner_a, co_window_of_opportunity_a, co_window_paths_b,
          co_window_corner_a, co_window_paths_b, co_window_of_opportunity_a,
          co_window_2corner, co_window_unsneaky_path_e,
          co_window_of_opportunity_c, co_window_paths_c, co_window_broadway_b,
          co_window_paths_e, glass_columns_a
D:8:      layout_layer_cave, nzn_hepliaklqana_mist_gate, uniq_pikel
D:9:      layout_big_octagon, marbit_many_paths, minmay_orc_entry_temple_small,
          serial_shops, shop, shop, shop, nicolae_shop_overgrown_old_shop, shop
D:10:     cheibrodos_elevator_heist, layout_rooms, erik_lair_orcish_takeover,
          serial_shops, shop_statue
Temple:   eino_narrow_crystal_temple

Skill      XL: |  1  2  3  4  5  6  7  8  9 10 |
---------------+-------------------------------+-----
Crossbows      | 5 6 8 9 10 | 10.0
Evocations     | 2 4 5 7 |  7.4
Armour         | 3 5 |  5.0
Dodging        | 4 5 |  5.0
Fighting       | 3 5 |  5.0
Invocations    | 5 7 |  7.1
Staves         | 2 |  2.9
Stealth        | |  1.0

Action                   |  1- 3 |  4- 6 |  7- 9 | 10-12 || total
-------------------------+-------+-------+-------+-------++-------
Melee: Short sword       |    87 |    27 |       |       ||   114
       Kick              |    20 |    11 |   138 |    66 ||   235
       Peck              |    12 |    11 |    60 |    42 ||   125
       War axe           |       |    34 |   341 |   121 ||   496
       Quarterstaff      |       |       |       |    51 ||    51
       Headbutt          |       |       |       |    25 ||    25
 Fire: Hand crossbow     |     2 |    35 |   161 |    98 ||   296
Throw: Dart              |       |     5 |    38 |       ||    43
 Abil: Fly               |       |       |     1 |       ||     1
Evoke: Wand              |       |       |     4 |       ||     4
  Use: Potion            |       |       |       |    14 ||    14
       Scroll            |       |       |       |    12 ||    12
 Stab: Sleeping          |     4 |     1 |     1 |     1 ||     7
Armor: Leather armour    |    26 |    16 |    34 |    26 ||   102
       Chain mail        |       |       |   100 |       ||   100
Dodge: Dodged            |    60 |    51 |   323 |   233 ||   667
Block: Other             |       |       |    39 |    69 ||   108
       Reflection        |       |       |     1 |     2 ||     3

Table legend: (Time is in decaauts)
 A = Elapsed time spent in this place.
 B = Non-inter-level travel time spent in this place.
 C = Inter-level travel time spent in this place.
 D = Time resting spent in this place.
 E = Time spent auto-exploring this place.
 F = Levels seen in this place.
 G = Mean time per level.
                   A        B        C        D        E       F      G
               +--------+--------+--------+--------+--------+-----+--------+
         Total |  17724 |  16964 |    760 |   4290 |   9168 |  11 | 1611.3 |
       Dungeon |  17523 |  16774 |    749 |   4290 |   8985 |  10 | 1752.3 |
        Temple |    200 |    189 |     11 |      0 |    182 |   1 |  200.0 |
               +--------+--------+--------+--------+--------+-----+--------+

Top non-repeatable levels by time:
     D:5: 3526 daAuts
     D:8: 2918 daAuts
     D:7: 2074 daAuts
     D:2: 1737 daAuts
     D:4: 1646 daAuts
     D:3: 1612 daAuts
     D:1: 1393 daAuts
     D:9: 1195 daAuts
     D:6: 1193 daAuts
    D:10: 224 daAuts
  Temple: 200 daAuts
